 Dungeon Crawl Stone Soup version 0.29-a0-323-g050149af67 (webtiles) character file.

Game seed: 3922659105112980475

83 croobank the Skirmisher (level 4, 0/45 HPs)
             Began as a Troll Fighter on Apr 11, 2022.
             Slain by a gnoll
             ... wielding a +0 spear
              (4 damage)
             ... on level 3 of the Dungeon.
             The game lasted 00:05:37 (1295 turns).

croobank the Skirmisher (Troll Fighter)             Turns: 1295, Time: 00:05:37

Health: 0/45       AC:  4    Str: 26    XL:     4   Next: 22%
Magic:  3/3        EV:  8    Int:  4    God:
Gold:   53         SH:  7    Dex:  9    Spells: 3/3 levels left

rFire   . . .      SeeInvis .   a - +1 war axe (vorpal)
rCold   . . .      Faith    .   c - +0 kite shield
rNeg    . . .      Spirit   .   b - +0 robe
rPois   .          Reflect  .   (helmet restricted)
rElec   .          Harm     .   (no cloak)
rCorr   .          Rampage  .   (gloves unavailable)
Will    .....                   (boots unavailable)
Stlth   +.........              (no amulet)
HPRegen 0.95/turn               (no ring)
MPRegen 0.08/turn               (no ring)

@: mighty, attractive, flying
A: large, unfitting armour, claws 3, regeneration 1, shaggy fur 1, tough skin 1
a: no special abilities


You were on level 3 of the Dungeon.
You visited 1 branch of the dungeon, and saw 3 of its levels.

You collected 53 gold pieces.

Inventory:

Hand Weapons
 a - a +1 vorpal war axe (weapon)
 h - a +0 hunting sling
 k - a +0 long sword of draining
 s - a +0 war axe
Missiles
 e - 2 poisoned darts
 f - 69 stones (quivered)
Armour
 b - a +0 robe (worn)
 c - a +0 kite shield (worn)
Jewellery
 n - an amulet of magic regeneration
Scrolls
 l - 2 scrolls of teleportation
Potions
 d - 2 potions of might
 g - a potion of curing
 m - 5 potions of heal wounds {unknown}
 p - a potion of cancellation {unknown}
 q - a potion of brilliance {unknown}


   Skills:
 + Level 3.0 Fighting
 + Level 2.3 Axes
 + Level 2.9 Dodging
 + Level 3.0 Shields


You had 3 spell levels left.
You didn't know any spells.
Your spell library contained the following spells:

 Spells                   Type           Power      Damage    Failure   Level
 Blink                    Tloc           0%         N/A       90%         2
 Call Canine Familiar     Summ           0%         N/A       99%         3
 Portal Projectile        Hex/Tloc       0%         N/A       99%         3
 Leda's Liquefaction      Hex/Erth       0%         N/A       100%        4
 Summon Lightning Spire   Summ/Air       0%         N/A       100%        4
 Lee's Rapid Deconstruct  Erth           0%         3d5*      100%        5
 Manifold Assault         Tloc           0%         N/A       100%        5
 Storm Form               Tmut/Air       0%         N/A       100%        7
 Summon Hydra             Summ           0%         N/A       100%        7


Dungeon Overview and Level Annotations

Branches:
Dungeon (3/15)

Altars:
Wu Jian

Shops:
D:1 =


Innate Abilities, Weirdness & Mutations

You are too large for most types of armour.
You have claws for hands.
Your natural rate of healing is unusually fast.
You are covered in fur. (AC +1)
You have tough skin. (AC +1)


Message History

The gnoll closely misses you. The gnoll hits you with a +0 spear. x2
You closely miss the gnoll. You barely miss the gnoll.
You block the gnoll's attack. The gnoll closely misses you.
The gnoll barely misses you.
You slash the gnoll!
You kill the gnoll!
You hit the gnoll. The gnoll barely misses you.
The gnoll hits you but does no damage. The gnoll hits you with a +0 spear.
You block the gnoll's attack.
The gnoll hits you from afar with a +0 halberd!
The gnoll barely misses you.
Your Shields skill increases to level 3!
You closely miss the gnoll.
The gnoll is moderately wounded.
A bat comes into view.
You block the gnoll's attack.
The gnoll hits you from afar with a +0 spear!
* * * LOW HITPOINT WARNING * * *
The gnoll hits you with a +0 spear.
* * * LOW HITPOINT WARNING * * *
The gnoll hits you from afar with a +0 spear!
* * * LOW HITPOINT WARNING * * *
The gnoll hits you but does no damage. You block the gnoll's attack.
The gnoll hits you but does no damage.
Things that are here:
a +0 spear; a gnoll corpse You see here a rat corpse.
You feel very mighty all of a sudden.
The gnoll hits you from afar with a +0 halberd!
* * * LOW HITPOINT WARNING * * *
Okay, then.
It was a potion of flight.
You feel very buoyant.
You fly up into the air.
The gnoll barely misses you. x2
It was a potion of attraction.
You feel attractive to monsters. You block the gnoll's attack.
The gnoll closely misses you.
The gnoll hits you from afar with a +0 spear.
You die...

#..................#
#..................#
#..................##
#########...........#
#.........#.#
#....######.# #ggg.#
.. #....# #.# #@...#
.# ###### .. #.


You could see 3 gnolls.

Vanquished Creatures
  A gnoll (D:3)
  An adder (D:2)
  A worm (D:2)
  2 dart slugs (D:2)
  5 bats
  5 endoplasms
  5 giant cockroaches
  5 goblins
  6 hobgoblins
  3 jackals (D:1)
  10 ball pythons
  3 frilled lizards
  3 kobolds
  4 rats
54 creatures vanquished.

Notes
Turn   | Place    | Note
-------+----------+-------------------------------------------
     0 | D:1      | croobank the Troll Fighter began the quest for the Orb.
     0 | D:1      | Reached XP level 1. HP: 22/22 MP: 0/0
    82 | D:1      | Noticed an eye of devastation
    93 | D:1      | Noticed a floating eye
    95 | D:1      | Reached XP level 2. HP: 29/29 MP: 1/1
    96 | D:1      | Found a faded altar of an unknown god.
    99 | D:1      | Noticed an eye of devastation
    99 | D:1      | Noticed a shining eye
   337 | D:1      | Found Huduafo's Jewellery Boutique.
   351 | D:1      | Reached XP level 3. HP: 36/36 MP: 2/2
   688 | D:2      | Found an ornate altar of the Wu Jian Council.
   929 | D:2      | Reached XP level 4. HP: 44/44 MP: 3/3
  1173 | D:3      | Got the Catalogue of the Rocks and Creation
  1279 | D:3      | HP: 1/45 [gnoll/+0 spear (7)]
  1293 | D:3      | HP: 2/45 [gnoll/+0 halberd (12)]
  1295 | D:3      | Slain by a gnoll

Illustrated notes

Levels and vault maps discovered:
D:1:      amcnicky_arrival_single_pillar, layout_basic, serial_shops, shop,
          hellmonk_ecumenical_altar_watching_god
D:2:      kennysheep_big_flooded_room, layout_rooms, basic_altar, minivault_25
D:3:      layout_basic, uniq_natasha, uniq_robin

Skill      XL: |  1  2  3  4 |
---------------+-------------+-----
Axes           | 2 |  2.3
Fighting       | 3 |  3.0
Shields        | 3 |  3.0
Dodging        | |  2.9

Action                   |  1- 3 |  4- 6 || total
-------------------------+-------+-------++-------
Melee: War axe           |   109 |    24 ||   133
  Use: Scroll            |     6 |     1 ||     7
       Potion            |       |     3 ||     3
Armor: Robe              |    64 |    11 ||    75
Dodge: Dodged            |    55 |    17 ||    72
Block: Kite shield       |    47 |    14 ||    61

Table legend: (Time is in decaauts)
 A = Elapsed time spent in this place.
 B = Non-inter-level travel time spent in this place.
 C = Inter-level travel time spent in this place.
 D = Time resting spent in this place.
 E = Time spent auto-exploring this place.
 F = Levels seen in this place.
 G = Mean time per level.
                   A        B        C        D        E       F      G
               +--------+--------+--------+--------+--------+-----+--------+
         Total |   1365 |   1320 |     45 |      0 |    760 |   3 |  455.0 |
       Dungeon |   1365 |   1320 |     45 |      0 |    760 |   3 |  455.0 |
               +--------+--------+--------+--------+--------+-----+--------+

Top non-repeatable levels by time:
     D:1: 689 daAuts
     D:2: 531 daAuts
     D:3: 143 daAuts
